TOP OF THE 1ST |
Greeneville Astros batting - Pitching for Bluefield Blue Jays : RHP Marcus Reiling
|
Pitching: RHP Marcus Reiling
|
|
Batting: RHB Omar Amaya
|
0-0: Ball 1-0: Ball 2-0: Swinging Strike 2-1: Ball 3-1: SOLO HOME RUN (Flyball, 7D, EV 97.5 MPH), Distance : 375 ft
|
Batting: RHB Russ Greer
|
0-0: Ball 1-0: Ball 2-0: Ball 3-0: Base on Balls
|
Batting: LHB Mark Dearth
|
0-0: Ball 1-0: Called Strike 1-1: Foul Ball, location: 2F 1-2: Strikes out looking
|
Batting: LHB Daigo Ishii
|
0-0: Foul Ball, location: 2F 0-1: Ball 1-1: Reached on error, E7 (Flyball, 7S, EV 85.0 MPH) Russ Greer to second
|
Batting: RHB Yoshitoshi Mori
|
0-0: Ball 1-0: Swinging Strike 1-1: Swinging Strike 1-2: Foul Ball, location: 2F 1-2: Foul Ball, location: 2F 1-2: Strikes out swinging
|
Batting: RHB Keith Goodwin
|
0-0: Called Strike 0-1: Fly out, F6 (Popup, 6M, EV 57.5 MPH)
|
Top of the 1st over - 1 run, 1 hit, 1 error, 2 left on base; Greeneville 1 - Bluefield 0 |
BOTTOM OF THE 1ST |
Bluefield Blue Jays batting - Pitching for Greeneville Astros : RHP David Sanchez
|
Pitching: RHP David Sanchez
|
|
Batting: RHB Stephen Casteel
|
0-0: Ball 1-0: Swinging Strike 1-1: Ball 2-1: Ground out 5-3 (Groundball, 56S, EV 68.1 MPH)
|
Batting: RHB Mike Johnson
|
0-0: Ball 1-0: Fly out, F8 (Flyball, 8LM, EV 97.5 MPH)
|
Batting: RHB Bill Murray
|
0-0: Reached on error, E6 (Groundball, 6, EV 86.9 MPH)
|
Batting: RHB Victor Ayala
|
0-0: Called Strike Bill Murray steals 2nd base 0-1: Ball 1-1: Ball 2-1: Ball 3-1: Base on Balls
|
Batting: RHB John Hering
|
0-0: 3-RUN HOME RUN (Flyball, 7D, EV 96.2 MPH), Distance : 386 ft
|
Batting: LHB Eric Toney
|
0-0: Ball 1-0: Ball 2-0: Called Strike 2-1: SINGLE (Flyball, 3D, EV 86.2 MPH)
|
Batting: SHB Dominik Hasek II
|
0-0: Ground out 4-3 (Groundball, 34S, EV 90.6 MPH)
|
Bottom of the 1st over - 3 runs, 2 hits, 1 error, 1 left on base; Greeneville 1 - Bluefield 3 |
TOP OF THE 2ND |
Greeneville Astros batting - Pitching for Bluefield Blue Jays : RHP Marcus Reiling
|
Batting: RHB Gabe Allen
|
0-0: Ball 1-0: Ground out 4-3 (Groundball, 4M, EV 80.0 MPH)
|
Batting: SHB Miguel Sierra
|
0-0: Called Strike 0-1: Called Strike 0-2: Hit by Pitch
|
Batting: RHB Roger Pelley
|
0-0: Called Strike 0-1: Ball 1-1: Swinging Strike 1-2: Ball 2-2: Strikes out swinging
|
Batting: RHB Omar Amaya
|
0-0: 2-RUN HOME RUN (Flyball, 7LD, EV 97.5 MPH), Distance : 355 ft
|
Batting: RHB Russ Greer
|
0-0: Ball 1-0: Ball 2-0: Called Strike 2-1: Foul Ball, location: 2F 2-2: Strikes out swinging
|
Top of the 2nd over - 2 runs, 1 hit, 0 errors, 0 left on base; Greeneville 3 - Bluefield 3 |
BOTTOM OF THE 2ND |
Bluefield Blue Jays batting - Pitching for Greeneville Astros : RHP David Sanchez
|
Batting: RHB Carlos Bravo
|
0-0: Ball 1-0: SOLO HOME RUN (Flyball, 7D, EV 96.2 MPH), Distance : 391 ft
|
Batting: RHB Shunsuke Shiba Inu
|
0-0: Called Strike 0-1: Foul Ball, location: 2F 0-2: SOLO HOME RUN (Line Drive, 7LD, EV 97.5 MPH), Distance : 369 ft
|
Batting: RHB Stephen Casteel
|
0-0: Called Strike 0-1: SINGLE (Line Drive, 3D, EV 101.9 MPH)
|
Batting: RHB Mike Johnson
|
0-0: Ball Stephen Casteel steals 2nd base 1-0: Called Strike Stephen Casteel steals 3rd base 1-1: Ground out 4-3 (Groundball, 4, EV 103.8 MPH) Stephen Casteel scores
|
Batting: RHB Bill Murray
|
0-0: Fly out, F8 (Line Drive, 8RD, EV 93.1 MPH)
|
Batting: RHB Victor Ayala
|
0-0: Ball 1-0: Ball 2-0: Foul Ball, location: 2F 2-1: Foul Ball, location: 2F 2-2: Ball 3-2: SINGLE (Groundball, 5S, EV 100.0 MPH)
|
Batting: RHB John Hering
|
0-0: Called Strike Victor Ayala steals 2nd base 0-1: Ball 1-1: Called Strike 1-2: 2-RUN HOME RUN (Flyball, 7LD, EV 94.4 MPH), Distance : 343 ft
|
Pitching: RHP Kuaika Anakala
|
|
Batting: LHB Eric Toney
|
0-0: Ball 1-0: Called Strike 1-1: Called Strike 1-2: Ball 2-2: Foul Ball, location: 2F 2-2: Foul Ball, location: 2F 2-2: Ball 3-2: Base on Balls
|
Batting: SHB Dominik Hasek II
|
0-0: Swinging Strike 0-1: Foul Ball, location: 2F 0-2: Ball 1-2: Foul Ball, location: 2F 1-2: Foul Ball, location: 2F 1-2: Strikes out swinging
|
Bottom of the 2nd over - 5 runs, 5 hits, 0 errors, 1 left on base; Greeneville 3 - Bluefield 8 |
TOP OF THE 3RD |
Greeneville Astros batting - Pitching for Bluefield Blue Jays : RHP Marcus Reiling
|
Batting: LHB Mark Dearth
|
0-0: Ball 1-0: Called Strike 1-1: Ball 2-1: Swinging Strike 2-2: Strikes out swinging
|
Batting: LHB Daigo Ishii
|
0-0: Fly out, F7 (Flyball, 7LM, EV 86.2 MPH)
|
Batting: RHB Yoshitoshi Mori
|
0-0: Called Strike 0-1: Swinging Strike 0-2: Ball 1-2: Strikes out swinging
|
Top of the 3rd over - 0 runs, 0 hits, 0 errors, 0 left on base; Greeneville 3 - Bluefield 8 |
BOTTOM OF THE 3RD |
Bluefield Blue Jays batting - Pitching for Greeneville Astros : RHP Kuaika Anakala
|
Batting: RHB Carlos Bravo
|
0-0: Ball 1-0: Ball 2-0: Called Strike 2-1: Ball 3-1: Fly out, F9 (Flyball, 9S, EV 76.9 MPH)
|
Batting: RHB Shunsuke Shiba Inu
|
0-0: Ball 1-0: Ball 2-0: Ball 3-0: Called Strike 3-1: Foul Ball, location: 2F 3-2: Base on Balls
|
Batting: RHB Stephen Casteel
|
0-0: TRIPLE (Line Drive, 89XD, EV 105.0 MPH) Shunsuke Shiba Inu scores
|
Batting: RHB Mike Johnson
|
0-0: Called Strike 0-1: Swinging Strike 0-2: SINGLE (Groundball, 6MD, EV 103.8 MPH) Stephen Casteel scores
|
Batting: RHB Bill Murray
|
0-0: Ball 1-0: Ball 2-0: Ball 3-0: Base on Balls Mike Johnson to second
|
Batting: RHB Victor Ayala
|
0-0: Called Strike 0-1: Foul Ball, location: 2F 0-2: Ball 1-2: Strikes out swinging
|
Batting: RHB John Hering
|
0-0: Ball 1-0: Foul Ball, location: 2F 1-1: Swinging Strike 1-2: Ball 2-2: Ball 3-2: Base on Balls Mike Johnson to third Bill Murray to second
|
Pitching: RHP Matt Doherty
|
|
Batting: LHB Eric Toney
|
0-0: Fielders Choice at 2nd, 6-4 (Groundball, 6, EV 90.6 MPH)
|
Bottom of the 3rd over - 2 runs, 2 hits, 0 errors, 3 left on base; Greeneville 3 - Bluefield 10 |
TOP OF THE 4TH |
Greeneville Astros batting - Pitching for Bluefield Blue Jays : RHP Marcus Reiling
|
Batting: RHB Keith Goodwin
|
0-0: Foul Ball, location: 2F 0-1: Ground out U3 (Groundball, 13, EV 91.2 MPH)
|
Batting: RHB Gabe Allen
|
0-0: Ball 1-0: Ball 2-0: Called Strike 2-1: Swinging Strike 2-2: Ball 3-2: Strikes out swinging
|
Batting: SHB Miguel Sierra
|
0-0: SINGLE (Groundball, 3D, EV 103.8 MPH)
|
Batting: RHB Roger Pelley
|
0-0: Ball 1-0: Ball 2-0: Called Strike 2-1: Called Strike 2-2: Strikes out swinging
|
Top of the 4th over - 0 runs, 1 hit, 0 errors, 1 left on base; Greeneville 3 - Bluefield 10 |
BOTTOM OF THE 4TH |
Bluefield Blue Jays batting - Pitching for Greeneville Astros : RHP Matt Doherty
|
Batting: SHB Dominik Hasek II
|
0-0: Foul Ball, location: 2F 0-1: Swinging Strike 0-2: Fly out, F8 (Flyball, 8LXD, EV 97.5 MPH)
|
Batting: RHB Carlos Bravo
|
0-0: Called Strike 0-1: Ball 1-1: Ball 2-1: Foul Ball, location: 2F 2-2: Ground out 5-3 (Groundball, 56S, EV 90.6 MPH)
|
Batting: RHB Shunsuke Shiba Inu
|
0-0: Ball 1-0: SINGLE (Groundball, 56D, EV 104.4 MPH)
|
Batting: RHB Stephen Casteel
|
0-0: Foul Ball, location: 2F 0-1: Called Strike 0-2: Ground out 4-3 (Groundball, 4, EV 96.9 MPH)
|
Bottom of the 4th over - 0 runs, 1 hit, 0 errors, 1 left on base; Greeneville 3 - Bluefield 10 |
TOP OF THE 5TH |
Greeneville Astros batting - Pitching for Bluefield Blue Jays : RHP Marcus Reiling
|
Batting: RHB Omar Amaya
|
0-0: Swinging Strike 0-1: Foul Ball, location: 2F 0-2: Ball 1-2: Strikes out looking
|
Batting: RHB Russ Greer
|
0-0: Ground out 5-3 (Groundball, 5, EV 83.8 MPH)
|
Batting: LHB Mark Dearth
|
0-0: Ground out 5-3 (Groundball, 6S, EV 70.6 MPH)
|
Top of the 5th over - 0 runs, 0 hits, 0 errors, 0 left on base; Greeneville 3 - Bluefield 10 |
BOTTOM OF THE 5TH |
Bluefield Blue Jays batting - Pitching for Greeneville Astros : RHP Matt Doherty
|
Batting: RHB Mike Johnson
|
0-0: Foul Ball, location: 2F 0-1: Ball 1-1: Ball 2-1: Ground out 5-3 (Groundball, 56, EV 106.9 MPH)
|
Batting: RHB Bill Murray
|
0-0: Called Strike 0-1: Ground out 5-3 (Groundball, 56, EV 85.6 MPH)
|
Batting: RHB Victor Ayala
|
0-0: Called Strike 0-1: Ball 1-1: Swinging Strike 1-2: Ground out 6-3 (Groundball, 6, EV 86.9 MPH)
|
Bottom of the 5th over - 0 runs, 0 hits, 0 errors, 0 left on base; Greeneville 3 - Bluefield 10 |
TOP OF THE 6TH |
Greeneville Astros batting - Pitching for Bluefield Blue Jays : RHP Marcus Reiling
|
Batting: LHB Daigo Ishii
|
0-0: Ball 1-0: Fly out, F4 (Line Drive, 4, EV 69.4 MPH)
|
Batting: RHB Yoshitoshi Mori
|
0-0: Ball 1-0: Fly out, F9 (Line Drive, 89D, EV 88.1 MPH)
|
Batting: RHB Keith Goodwin
|
0-0: Ball 1-0: Ball 2-0: Called Strike 2-1: Ground out 6-3 (Groundball, 6D, EV 105.6 MPH)
|
Top of the 6th over - 0 runs, 0 hits, 0 errors, 0 left on base; Greeneville 3 - Bluefield 10 |
BOTTOM OF THE 6TH |
Bluefield Blue Jays batting - Pitching for Greeneville Astros : RHP Matt Doherty
|
Batting: RHB John Hering
|
0-0: Ball 1-0: Swinging Strike 1-1: Called Strike 1-2: Strikes out swinging
|
Batting: LHB Eric Toney
|
0-0: Foul Ball, location: 2F 0-1: Ball 1-1: Called Strike 1-2: Ball 2-2: Strikes out swinging
|
Batting: SHB Dominik Hasek II
|
0-0: Hit by Pitch
|
Batting: RHB Carlos Bravo
|
0-0: SINGLE (Groundball, 6MD, EV 106.2 MPH) Dominik Hasek II to second
|
Batting: RHB Shunsuke Shiba Inu
|
0-0: Called Strike 0-1: Called Strike 0-2: Strikes out swinging
|
Bottom of the 6th over - 0 runs, 1 hit, 0 errors, 2 left on base; Greeneville 3 - Bluefield 10 |
TOP OF THE 7TH |
Greeneville Astros batting - Pitching for Bluefield Blue Jays : RHP Marcus Reiling
|
Batting: RHB Gabe Allen
|
0-0: Ball 1-0: Ground out 6-3 (Groundball, 6M, EV 88.8 MPH)
|
Batting: SHB Miguel Sierra
|
0-0: Ball 1-0: Ground out 3-1 (Groundball, 34, EV 90.6 MPH)
|
Batting: RHB Roger Pelley
|
0-0: Called Strike 0-1: Swinging Strike 0-2: Ball 1-2: Strikes out looking
|
Top of the 7th over - 0 runs, 0 hits, 0 errors, 0 left on base; Greeneville 3 - Bluefield 10 |
BOTTOM OF THE 7TH |
Bluefield Blue Jays batting - Pitching for Greeneville Astros : RHP Matt Doherty
|
Pitching: RHP Josh Willig
|
|
Pinch Hitting: RHB Ed Swafford
|
0-0: SINGLE (Groundball, 56S, EV 70.6 MPH) (infield hit)
|
Batting: RHB Mike Johnson
|
0-0: Ball 1-0: Ball 2-0: Foul Ball, location: 2F 2-1: Swinging Strike 2-2: Ball 3-2: Base on Balls Ed Swafford to second
|
Batting: RHB Bill Murray
|
0-0: Called Strike 0-1: Ball 1-1: Called Strike 1-2: 3-RUN HOME RUN (Flyball, 7D, EV 98.8 MPH), Distance : 391 ft
|
Batting: RHB Victor Ayala
|
0-0: Ball 1-0: Swinging Strike 1-1: Ball 2-1: Swinging Strike 2-2: Ball 3-2: Ground out 6-3 (Groundball, 6, EV 98.1 MPH)
|
Batting: RHB John Hering
|
0-0: Foul Ball, location: 2F 0-1: Ball 1-1: Ball 2-1: Ball 3-1: Base on Balls
|
Batting: LHB Eric Toney
|
0-0: Swinging Strike 0-1: Swinging Strike 0-2: Fly out, F6 (Line Drive, 6M, EV 66.2 MPH)
|
Batting: SHB Dominik Hasek II
|
0-0: Ball 1-0: Ball 2-0: Called Strike 2-1: Foul Ball, location: 2F 2-2: DOUBLE (Flyball, 8LXD, EV 92.5 MPH) John Hering to third Runner from 3rd tries for Home, SAFE, throw by CF to home
|
Batting: RHB Carlos Bravo
|
0-0: Swinging Strike 0-1: Foul Ball, location: 2F 0-2: Strikes out looking
|
Bottom of the 7th over - 4 runs, 3 hits, 0 errors, 1 left on base; Greeneville 3 - Bluefield 14 |
TOP OF THE 8TH |
Greeneville Astros batting - Pitching for Bluefield Blue Jays : RHP Marcus Reiling
|
Now at 1B: Braydon Pinsent
|
|
Now at 2B: Victor Ayala
|
|
Batting: RHB Omar Amaya
|
0-0: Foul Ball, location: 2F 0-1: Called Strike 0-2: Strikes out looking
|
Batting: RHB Russ Greer
|
0-0: Ball 1-0: Foul Ball, location: 2F 1-1: Ball 2-1: Foul Ball, location: 2F 2-2: Ball 3-2: Base on Balls
|
Batting: LHB Mark Dearth
|
0-0: Ball 1-0: SINGLE (Flyball, 8LS, EV 90.0 MPH) Russ Greer to second
|
Batting: LHB Daigo Ishii
|
0-0: Called Strike 0-1: Ball 1-1: Swinging Strike 1-2: Foul Ball, location: 2F 1-2: Ball 2-2: Ball 3-2: Base on Balls Russ Greer to third Mark Dearth to second
|
Batting: RHB Yoshitoshi Mori
|
0-0: Fly out, F5 (Popup, 5, EV 69.4 MPH)
|
Batting: RHB Keith Goodwin
|
0-0: Ball 1-0: Fielders Choice at 2nd, 5-4 (Groundball, 56, EV 85.6 MPH)
|
Top of the 8th over - 0 runs, 1 hit, 0 errors, 3 left on base; Greeneville 3 - Bluefield 14 |
BOTTOM OF THE 8TH |
Bluefield Blue Jays batting - Pitching for Greeneville Astros : RHP Josh Willig
|
Batting: RHB Shunsuke Shiba Inu
|
0-0: Ball 1-0: Ball 2-0: Called Strike 2-1: Ball 3-1: Base on Balls
|
Batting: RHB Braydon Pinsent
|
0-0: Ball 1-0: Swinging Strike 1-1: Fielders Choice at 2nd, 5-4 (Groundball, 15, EV 83.1 MPH)
|
Batting: RHB Mike Johnson
|
0-0: SINGLE (Groundball, 6D, EV 103.1 MPH) Braydon Pinsent to second Runner from 2nd tries for 3rd, SAFE, throw by LF made at trailing runner, OUT! 7-4
|
Batting: RHB Bill Murray
|
0-0: Foul Ball, location: 2F 0-1: Foul Ball, location: 2F 0-2: Ball 1-2: SINGLE (Groundball, 6MD, EV 104.4 MPH) Braydon Pinsent scores
|
Pitching: RHP Josh Corkery
|
|
Batting: RHB Victor Ayala
|
0-0: Called Strike 0-1: Hit by Pitch Bill Murray to second
|
Batting: RHB John Hering
|
0-0: Ball 1-0: Foul Ball, location: 2F 1-1: Foul Ball, location: 2F 1-2: Foul Ball, location: 2F 1-2: Ball 2-2: Ball 3-2: Foul Ball, location: 2F 3-2: Strikes out swinging, 2-3 out at first.
|
Bottom of the 8th over - 1 run, 2 hits, 0 errors, 2 left on base; Greeneville 3 - Bluefield 15 |
TOP OF THE 9TH |
Greeneville Astros batting - Pitching for Bluefield Blue Jays : RHP Marcus Reiling
|
Batting: RHB Gabe Allen
|
0-0: Called Strike 0-1: Ball 1-1: Foul Ball, location: 2F 1-2: TRIPLE (Flyball, 78XD, EV 96.2 MPH)
|
Batting: SHB Miguel Sierra
|
0-0: Ball 1-0: Called Strike 1-1: Fly out, F7 (Flyball, 7LSF, EV 90.0 MPH)
|
Pinch Hitting: RHB Erik Smith
|
0-0: Called Strike 0-1: Called Strike 0-2: Strikes out looking
|
Batting: RHB Omar Amaya
|
0-0: Ground out 5-3 (Groundball, 56S, EV 88.8 MPH)
|
Top of the 9th over - 0 runs, 1 hit, 0 errors, 1 left on base; Greeneville 3 - Bluefield 15 |
|